 Dungeon Crawl Stone Soup version 0.18-a0-853-gfe32976 (webtiles) character file.

678174 Mindmaker the Slayer (level 27, -9/287 HPs)
             Began as an Ogre Hunter on Dec 20, 2015.
             Was the Champion of the Shining One.
             Mangled by an acid blob (36 damage)
             ... created by the Royal Jelly
             ... on level 6 of the Pits of Slime on Dec 21, 2015.
             The game lasted 06:18:58 (80785 turns).

Mindmaker the Slayer (Ogre Hunter)                 Turns: 80785, Time: 06:18:58

Health: -9/287     AC: 10    Str: 30    XL:     27
Magic:  28/29      EV: 32    Int: 20    God:    the Shining One [******]
Gold:   6406       SH: 14    Dex: 28    Spells: 0 memorised, 26 levels left

rFire  + + +     SeeInvis .     Q - +9 giant spiked club (holy)
rCold  + + +     Gourm    .     p - +10 gold dragon armour
rNeg   + + +     Faith    +     (shield currently unavailable)
rPois  +         Spirit   .     n - +2 hat {Int+3}
rElec  .         Dismiss  .     V - +2 cloak
rCorr  .         Reflect  .     (gloves unavailable)
SustAt .         Harm     .     (boots unavailable)
MR     ++...     Clarity  +     m - amulet of Xifoec {Faith rN+ Slay+3}
Stlth  ..........               w - ring "Ehemn" {EV+6 Int+3 Dex+4 Stlth+}
                                e - ring of Busesaf {rF++ rN+}

@: mighty, agile, divine shield, about to teleport, corroded equipment, very
slightly contaminated, hasted, glowing, very quick, very resistant to hostile
enchantments, extremely unstealthy
A: unfitting armour, rugged brown scales 1, thin metallic scales 1, yellow
scales 1, clarity, clever 2, cold resistance 2, deformed body, frail 1, low mp
2, mutation resistance 1, regeneration 1, tough skin 1, MP-powered wands
a: Divine Shield, Cleansing Flame, Summon Divine Warrior, Renounce Religion
}: 4/15 runes: serpentine, barnacled, silver, abyssal


You were on level 6 of the Pits of Slime.
You worshipped the Shining One.
The Shining One was exalted by your worship.
You were not hungry.

You visited 11 branches of the dungeon, and saw 56 of its levels.
You visited the Abyss 3 times.
You visited 2 bazaars.
You also visited: Ice Cave and Wizlab.

You collected 10072 gold pieces.
You spent 3666 gold pieces at shops.

Inventory:

Hand Weapons
 Q - a +9 giant spiked club of holy wrath (weapon)
Missiles
 d - 191 large rocks (quivered)
Armour
 n - a +2 hat of intelligence (worn)
 p - a +10 gold dragon armour (worn)
 V - a +2 cloak (worn)
Jewellery
 e - the ring of Busesaf (left hand) {rF++ rN+}
   (You found it on level 5 of the Vaults)

   [ring of positive energy]

   It greatly protects you from fire.
   It protects you from negative energy.
 l - an uncursed ring of protection from magic
 m - the amulet of Xifoec (around neck) {Faith rN+ Slay+3}
   (You took it off a deep elf sorcerer on level 3 of the Elven Halls)

   [amulet of faith]

   It allows you to gain divine favour quickly.
   It affects your accuracy and damage with ranged weapons and melee attacks
   (+3).
   It protects you from negative energy.
 r - an uncursed ring of protection from magic
 w - the ring "Ehemn" (right hand) {EV+6 Int+3 Dex+4 Stlth+}
   (You found it on level 3 of the Crypt)

   [ring of evasion]

   It affects your evasion (+6).
   It affects your intelligence (+3).
   It affects your dexterity (+4).
   It makes you more stealthy.
 z - an uncursed ring of teleportation
 C - an uncursed amulet of regeneration
 G - an uncursed ring of see invisible
 M - an uncursed ring of sustain attributes
 X - the ring "Pumit" {Ice rN++ MP+9 Str-4 SInv}
   (You took it off a tengu reaver on level 5 of the Vaults)

   [ring of ice]

   It enhances your ice magic, and weakens your fire magic.
   It affects your strength (-4).
   It makes you vulnerable to fire.
   It protects you from cold.
   It greatly protects you from negative energy.
   It affects your magic capacity (+9).
   It lets you see invisible.
 Y - an uncursed ring of protection from cold
Wands
 A - a wand of digging (3/24)
 D - a wand of disintegration (6/24)
 K - a wand of digging (6/24)
 P - a wand of hasting (6/9)
Scrolls
 a - 6 scrolls of teleportation
 h - 24 scrolls of remove curse
 k - 5 scrolls of magic mapping
 o - 7 scrolls of summoning
 s - a scroll of fear
 u - 8 scrolls of fog
 y - a scroll of silence
 E - 4 scrolls of holy word
 I - 21 scrolls of identify
 N - a scroll of immolation
Potions
 b - 6 potions of might
 g - 24 potions of curing
 j - a potion of flight
 v - 4 potions of cancellation
 x - 3 potions of haste
 J - 7 potions of agility
 L - 5 potions of berserk rage
 S - a potion of heal wounds
 T - 6 potions of resistance
Books
 t - the Grimoire of Aid and Ice
   (You found it on level 3 of the Crypt)

   Spells                             Type                      Level
   a - Swiftness                      Charms/Air                   2
   b - Spectral Weapon                Hexes/Charms                 3
   c - Ice Form                       Ice/Transmutation            4
   d - Excruciating Wounds            Charms/Necromancy            5
   e - Bolt of Cold                   Conjuration/Ice              6
Comestibles
 f - 19 bread rations
 i - 29 meat rations
 W - 13 royal jellies


   Skills:
 - Level 24.0 Fighting
 - Level 22.0 Maces & Flails
 - Level 21.0 Throwing
 - Level 20.0 Armour
 - Level 20.0 Dodging
 - Level 0.7 Stealth
 + Level 20.9 Invocations


You had 26 spell levels left.
You didn't know any spells.

Dungeon Overview and Level Annotations

Branches:
Dungeon (15/15)            Temple (1/1) D:5            Lair (8/8) D:8
 Shoals (4/4) Lair:6        Snake (4/4) Lair:3        Slime (6/6) Lair:8
    Orc (2/2) D:12            Elf (3/3) Orc:2        Vaults (5/5) D:13
  Crypt (3/3) Vaults:3       Tomb (0/3) Crypt:3      Depths (5/5) D:15
    Zot (0/5) Depths:5

Altars:
Ashenzari
Cheibriados
Dithmenos
Elyvilon
Fedhas
Gozag
Kikubaaqudgha
Makhleb
Nemelex Xobeh
Okawaru
Pakellas
Qazlal
Ru
Sif Muna
Trog
Vehumet
Xom
Yredelemnul
Zin
The Shining One
Beogh
Jiyva

Shops:
D:4 *   D:6 (   D:11 [((!!   D:13 [   D:14 *((   Orc:1 *   Orc:2 :([*   Elf:2 !
Shoals:3 %?*   Snake:4 !

Portals:
Hell: Depths:1 Depths:2 Depths:3 Depths:4 Depths:5
Abyss: Depths:4
Pandemonium: Depths:3 Depths:5
Ziggurat: Depths:2


Innate Abilities, Weirdness & Mutations

You are too large for most types of armour.
You have tough skin (AC +1).
You are partially covered in rugged brown scales (AC +1, +3% HP).
You are partially covered in thin metallic scales (AC +2).
You are partially covered in yellow scales (AC +2).
You possess an exceptional clarity of mind.
Your mind is very acute. (Int +4)
Your flesh is very cold resistant.
Armour fits poorly on your strangely shaped body.
You are frail (-10% HP).
Your magical capacity is very low (-20% MP).
You are somewhat resistant to further mutation.
Your natural rate of healing is unusually fast.
You expend magic power (3 MP) to strengthen your wands.


Message History

As you read the scroll of fear, it crumbles to dust.
You assume a fearsome visage.
The acid blob resists with some effort.
The jelly looks frightened!
The azure jelly looks frightened!
The eye of devastation looks frightened!
The acid blob easily resists.
The acid blob resists with almost no effort. x2
The azure jelly resists with almost no effort.
The acid blob resists with some effort.
The acid blob resists with almost no effort.
The death ooze is unaffected.
The acid blob spits acid at you. You block the splash of acid.
The acid corrodes you! The acid blob completely misses you.
You block the acid blob's attack.
Drink which item? (? for menu, Esc to quit)
Okay, then.
Read which item? (? for menu, Esc to quit)
Okay, then.
Drink which item? (? for menu, Esc to quit)
You feel much better. The acid blob hits you!!!
You die...

,,,,,,***,,,,**,,**,,,,***,,,,,,,
,,,,,,,**#%$#}#.##)#[$## *,,,,,,,
,,,,,,***######J.#######**,,,,,,,
,,,,,,**,..#....JJ..#...**,,,,,,,
,,,,,,,,,#...#JGJG#J..#.,,,,,,,,,
,,,,,,***######JJ#######**,,,,,,,
,,,,,,,**#%?#[#J##[#?=##*,,,,,,,,
,,,,,,***$|)(##JJ##$)?[#**,,,,,,,
,,,,,,***$:!|!##@#?)["!#*,,,,,,,,
,,,,,,,,*#([)##JJ##%=$##,,,,,,,,,
,,,,,,,,,##[!|#.##?(/###,,,,,,,,,
,,,,,,,,,J##(##JJ##/###.,,,,,,,,,
,,,,,,,,,.######.#####..,,,,,,,,,
,,,,,,,,,..#.......##...,,,,,,,,,
,,,,,,,,,...............,,,,,,,,,
,,,,,,,,,................,,,,,,,,
,,,,,,,,,................,,,,,,,,


You could see 6 acid blobs, 4 azure jellies, a great orb of eyes, 3 slime
creatures, an eye of devastation (fleeing), 2 death oozes and a jelly (fleeing).

Vanquished Creatures
  the Royal Jelly (Slime:6)
  Mara (Shoals:3)
  Boris (Vaults:5)
  An iron giant (Depths:3)
  A caustic shrike (Depths:3)
  2 profane servitors
  Jory (Crypt:3)
  3 golden dragons
  Nikola (Snake:2)
  5 bone dragons
  A Hellbinder (WizLab)
  10 liches
  Rupert (Lair:7)
  2 quicksilver dragons
  21 titans
  8 deep elf blademasters
  8 tentacled monstrosities
  3 deep elf master archers
  13 acid blobs
  10 tentacled starspawn
  An Executioner (Abyss:4)
  Polyphemus (Shoals:3)
  3 sphinxes
  A kraken (Shoals:2)
  3 ancient champions
  3 storm dragons
  5 shadow dragons
  Kirke (Lair:7)
  10 tengu reavers
  5 revenants
  7 azure jellies
  Wiglaf (Vaults:4)
  A daeva (Abyss:4)
  6 greater nagas
  16 fire giants
  4 deep elf sorcerers (Elf:3)
  An iron dragon (Depths:3)
  Donald (Elf:2)
  A draconian knight (Depths:5)
  21 frost giants
  A draconian scorcher (Abyss:2)
  18 vault wardens
  Aizul (Depths:2)
  A balrug (Abyss:2)
  An orc warlord (Orc:2)
  2 cacodemons
  A curse skull (Crypt:2)
  A draconian shifter (Depths:5)
  Louise (Depths:4)
  A ghoul (Crypt:3)
  4 angels
  9 ironheart preservers
  13 deep elf elementalists
  2 black draconians
  6 deep elf demonologists
  14 very ugly things
  The ghost of Yendor the Markscentaur, a journeyman CeHu of Makhleb (D:15)
  30 stone giants
  A salamander stormcaller (Vaults:2)
  A green draconian (Abyss:2)
  6 red draconians
  4 purple draconians
  2 white draconians (Crypt:3)
  9 deep elf annihilators
  7 mottled draconians
  5 vampire knights
  2 eidola
  A yellow draconian (Crypt:3)
  12 spark wasps
  13 deep elf death magi
  5 merfolk javelineers
  24 vault guards (Vaults:5)
  10 ettins
  10 fire dragons
  Erolcha (D:9)
  Snorg (Lair:6)
  5 entropy weavers
  24 jiangshi
  9 merfolk impalers
  22 yaktaur captains
  4 deep elf high priests
  Josephine (Lair:6)
  2 death oozes
  6 rakshasas
  7 ice dragons
  The ghost of Enish the Spear-Bearer, a journeyman MfSk of Okawaru (D:10)
  The ghost of twist the Carver, a journeyman FoFi of Qazlal (D:15)
  17 great orbs of eyes
  3 hell beasts (WizLab)
  3 spriggan air magi
  Fannar (Lair:1)
  2 catoblepae
  13 naga warriors
  An anaconda (shapeshifter) (Vaults:2)
  5 merfolk aquamancers
  10 centaur warriors
  5 alligator snapping turtles
  4 merfolk avatars
  3 death knights (Crypt:3)
  34 dancing weapons
  14 hydras
  15 anacondas
  Erica (Lair:1)
  9 tengu warriors
  3 satyrs
  15 ogre magi
  38 thrashing horrors
  2 orc high priests
  2 spriggan berserkers
  13 death yaks
  A titan zombie (Depths:4)
  14 deep troll earth magi
  7 soul eaters
  10 naga sharpshooters
  7 shock serpents
  7 sun demons
  5 hell knights
  A spectral storm dragon (Crypt:3)
  Nergalle (D:11)
  10 deep troll shamans
  6 vampire magi
  7 shadow wraiths
  32 deep elf knights
  13 wretched stars
  7 iron trolls
  4 fire crabs
  3 flayed ghosts
  27 skeletal warriors
  A death drake (Abyss:2)
  4 salamander mystics (Snake:4)
  3 spatial maelstroms
  A kraken simulacrum (Shoals:4)
  6 giant orange brains
  11 sea snakes
  A deep troll (shapeshifter) (Vaults:5)
  A shadow demon (Abyss:2)
  11 naga ritualists
  38 deep trolls
  35 deep elf archers
  3 swamp dragons (Snake:3)
  34 large abominations
  6 hill giants
  5 necromancers
  A lindwurm (shapeshifter) (Depths:3)
  An unseen horror (Abyss:4)
  An orb spider (shapeshifter) (Vaults:3)
  8 phantasmal warriors
  5 lindwurms
  13 orc knights
  6 orc sorcerers
  An orb spider (Abyss:3)
  3 wolf spiders
  22 harpies
  An unseen horror (shapeshifter) (Vaults:2)
  2 fauns (shapeshifter) (Vaults:5)
  43 ugly things
  A frost giant zombie (Depths:4)
  3 wizards
  10 fauns
  13 ironbrand convokers
  81 deep elf magi
  An oklob plant (Lair:8)
  4 hornets
  18 mana vipers
  2 elephants (shapeshifter)
  8 elephants
  17 cyclopes
  12 griffons
  8 salamanders
  A salamander (shapeshifter) (Depths:4)
  A sphinx skeleton (Vaults:2)
  8 worldbinders
  16 manticores
  A gargoyle (D:13)
  9 guardian serpents
  An iron dragon skeleton (Crypt:1)
  7 water nymphs
  A black mamba (shapeshifter) (Vaults:1)
  10 sirens
  A dire elephant zombie (Crypt:2)
  52 black mambas
  A stone giant skeleton (Crypt:2)
  A fire giant skeleton (Abyss:1)
  23 naga magi
  4 shining eyes
  3 eyes of devastation
  A drowned soul (Abyss:4)
  An ice statue (IceCv)
  4 rust devils (WizLab)
  A dire elephant skeleton (Abyss:1)
  5 torpor snails (Lair:8)
  13 vault sentinels
  3 orange demons
  4 sixfirhies
  A guardian serpent (shapeshifter) (Vaults:3)
  9 spiny frogs
  9 smoke demons
  10 komodo dragons
  A kobold demonologist (D:14)
  6 apocalypse crabs
  2 jumping spiders
  3 tengu conjurers
  4 efreet
  A demonic crawler (Abyss:2)
  4 hellions
  2 yaktaurs (shapeshifter)
  85 yaktaurs
  A queen bee (D:11)
  4 hellwings
  8 fire drakes
  10 trolls
  A golden dragon simulacrum (Depths:4)
  14 ancient zymes
  A redback zombie (D:15)
  2 ice devils
  11 freezing wraiths
  A fire drake (shapeshifter) (Vaults:1)
  15 polar bears
  A harpy zombie (Crypt:1)
  22 two-headed ogres
  3 red devils
  20 merfolk
  A silent spectre (Abyss:3)
  4 wind drakes
  Prince Ribbit (D:8)
  A fire giant simulacrum (Vaults:3)
  A hydra skeleton (Crypt:2)
  A two-headed ogre (shapeshifter) (Vaults:5)
  7 snapping turtles
  A frost giant simulacrum (Vaults:2)
  35 raiju
  7 boulder beetles
  An ettin zombie (Vaults:2)
  5 giant leeches (Lair:8)
  34 blink frogs
  87 slime creatures
  9 ynoxinuls
  A trapdoor spider (shapeshifter) (Vaults:2)
  74 starcursed masses
  A tarantella (shapeshifter) (Depths:1)
  A dire elephant simulacrum (Crypt:3)
  63 flying skulls
  5 shadows
  A tarantella (Vaults:1)
  An ettin skeleton (Vaults:2)
  10 wraiths
  A black mamba zombie (Crypt:1)
  4 fire bats (Abyss:2)
  11 air elementals
  16 redbacks
  An ice dragon skeleton (Crypt:2)
  A spriggan (shapeshifter) (Elf:1)
  15 water elementals
  16 neqoxecs
  3 wyverns
  4 hogs (Lair:7)
  64 yaks
  7 vampires
  The ghost of flinch the Ruffian, an amateur DrMo (D:5)
  A giant leech zombie (Crypt:1)
  14 hippogriffs
  3 basilisks
  3 fire elementals
  A yak (shapeshifter) (Vaults:3)
  A human (shapeshifter) (Vaults:3)
  4 hungry ghosts
  26 small abominations
  A golden eye (shapeshifter) (Depths:1)
  9 golden eyes
  41 nagas
  14 vampire mosquitoes
  4 chaos spawn
  2 mottled dragons
  2 wargs
  6 swamp worms (Snake:3)
  6 insubstantial wisps (Abyss:2)
  A soldier ant (D:14)
  15 water moccasins
  A deep troll skeleton (Crypt:1)
  9 porcupines
  6 sky beasts
  2 spatial vortices (Abyss:4)
  32 wolves
  2 phantoms (D:11)
  A hell hound (Abyss:2)
  10 ice beasts
  2 black bears
  3 swamp drakes (Snake:3)
  6 necrophages
  4 eyes of draining
  37 orc warriors
  A human zombie (Vaults:2)
  A blink frog zombie (Crypt:1)
  5 wasps
  14 crocodiles
  23 centaurs
  3 boggarts (Vaults:1)
  51 ogres
  2 snapping turtle skeletons (Crypt:1)
  5 big kobolds
  A hog skeleton (Crypt:2)
  The ghost of flinch the Sneak, an amateur KoAs (D:3)
  An elf zombie (Crypt:1)
  21 giant frogs
  3 earth elementals
  A merfolk simulacrum (Abyss:4)
  A manticore simulacrum (Abyss:2)
  2 scorpions
  4 electric eels
  An orc simulacrum (Vaults:2)
  22 jellies
  24 killer bees
  10 wights
  2 human simulacra (Vaults:3)
  A wolf zombie (Crypt:2)
  A giant frog zombie (Crypt:2)
  14 orc priests
  6 crimson imps
  12 quasits
  3 centaur zombies
  9 hounds
  9 iron imps
  8 centaur skeletons
  A human skeleton (Crypt:1)
  2 giant frog skeletons
  A gnoll shaman (D:4)
  24 orc wizards
  A black bear skeleton (Crypt:1)
  7 hell rats (Lair:7)
  10 worker ants
  12 iguanas
  32 sheep
  An ogre zombie (Crypt:2)
  A crocodile skeleton (Crypt:2)
  A dwarf skeleton (Crypt:1)
  A worker ant zombie (D:10)
  11 gnolls
  80 river rats
  11 adders
  4 shadow imps
  7 white imps
  10 ufetubi
  An ooze (D:3)
  An adder zombie (D:7)
  An ooze (shapeshifter) (Vaults:5)
  An adder skeleton (D:5)
  A halfling skeleton (Crypt:2)
  A sheep zombie (Crypt:2)
  17 worms
  5 giant geckos
  77 orcs
  6 bats
  8 hobgoblins
  5 quokkas
  A ball python (D:3)
  4 giant cockroaches
  2 giant gecko skeletons
  A giant gecko zombie (D:8)
  3 giant newts
  11 goblins
  25 jackals
  A jackal skeleton (D:8)
  18 kobolds
  A quokka zombie (D:3)
  11 rats
  A rat zombie (Crypt:2)
  A bush (Lair:8)
  A crawling corpse (Elf:3)
  A fungus (Lair:8)
  3 lurking horrors
  7 plants
  12 starspawn tentacles
  6 tentacles
3210 creatures vanquished.

Vanquished Creatures (collateral kills)
  A slime creature (D:15)
  A giant frog (Lair:3)
2 creatures vanquished.

Vanquished Creatures (others)
  Jorgrun (Vaults:2)
  A deep elf high priest (Vaults:5)
  A deep elf knight (Elf:2)
  A phantasmal warrior (Depths:4)
  A drowned soul (Abyss:4)
  A yaktaur (Vaults:3)
  A two-headed ogre (Vaults:4)
  An orc warrior (D:9)
  A black bear (D:9)
  A small abomination (Abyss:4)
  A crocodile (Lair:7)
  A giant frog (D:9)
  An orc priest (D:9)
  A worker ant (D:9)
  An orc wizard (Vaults:3)
  2 sheep
  A gnoll (D:9)
  An ufetubus (Depths:3)
  4 bushes (Lair:8)
  19 fungi
  6 lost souls
  37 plants
  19 starspawn tentacles
  64 starspawn tentacle segments
  6 tentacles
  218 tentacle segments
392 creatures vanquished.

Grand Total: 3604 creatures vanquished

Notes
Turn   | Place    | Note
--------------------------------------------------------------
     0 | D:1      | Mindmaker the Ogre Hunter began the quest for the Orb.
     0 | D:1      | Reached XP level 1. HP: 22/22 MP: 1/1
   500 | D:1      | Reached skill level 1 in Maces & Flails
   500 | D:1      | Reached XP level 2. HP: 25/31 MP: 2/2
  1212 | D:1      | Reached XP level 3. HP: 19/37 MP: 3/3
  1386 | D:2      | Found a snail-covered altar of Cheibriados.
  1902 | D:2      | Gained mutation: You possess an exceptional clarity of mind. [potion of mutation]
  1902 | D:2      | Gained mutation: You are clumsy. (Dex -2) [potion of mutation]
  1902 | D:2      | Gained mutation: Your movements are slightly less encumbered by armour (ER -2). [potion of mutation]
  2770 | D:3      | Noticed flinch's ghost (amateur KoAs)
  3018 | D:3      | Reached XP level 4. HP: 45/45 MP: 4/4
  3477 | D:3      | Reached skill level 5 in Maces & Flails
  3598 | D:3      | Killed flinch's ghost
  3598 | D:3      | Reached XP level 5. HP: 53/53 MP: 5/5
  3839 | D:4      | Found a stormy altar of Qazlal.
  3937 | D:4      | Reached XP level 6. HP: 61/61 MP: 6/6
  3941 | D:4      | Reached skill level 5 in Throwing
  4228 | D:4      | Found Feqesero's Assorted Antiques.
  4238 | D:4      | Bought a glowing mace for 66 gold pieces
  4498 | D:4      | Reached skill level 6 in Throwing
  4699 | D:4      | Reached XP level 7. HP: 63/67 MP: 7/7
  4873 | D:4      | Found an ancient bone altar of Kikubaaqudgha.
  4988 | D:4      | Found an iron altar of Okawaru.
  5004 | D:4      | Became a worshipper of Warmaster Okawaru
  5020 | D:5      | Entered Level 5 of the Dungeon
  5050 | D:5      | Reached skill level 7 in Throwing
  5408 | D:5      | Reached * piety under Okawaru
  5408 | D:5      | Reached XP level 8. HP: 75/75 MP: 8/8
  5417 | D:5      | Gained mutation: You are partially covered in yellow scales (AC +2). [mutagenic meat]
  5418 | D:5      | Gained mutation: You are frail (-10% HP). [mutagenic meat]
  5419 | D:5      | Gained mutation: Your magical capacity is low (-10% MP). [mutagenic meat]
  5420 | D:5      | Gained mutation: Your spells are a little harder to cast, but a little more powerful. [mutagenic meat]
  5443 | D:5      | Reached skill level 5 in Dodging
  5779 | D:5      | Reached skill level 5 in Fighting
  5892 | D:5      | Found a glowing golden altar of the Shining One.
  5894 | D:5      | Noticed flinch's ghost (amateur DrMo)
  5976 | D:5      | Killed flinch's ghost
  5976 | D:5      | Reached ** piety under Okawaru
  6075 | D:5      | Found a staircase to the Ecumenical Temple.
  6084 | Temple   | Entered the Ecumenical Temple
  6426 | D:5      | Found an oddly glowing altar of Pakellas.
  7177 | D:6      | Reached skill level 8 in Throwing
  7369 | D:6      | Reached XP level 9. HP: 60/79 MP: 8/8
  7432 | D:6      | Reached *** piety under Okawaru
  7502 | D:6      | Found Doazipro's Antique Weapon Boutique.
  7775 | D:7      | Found a radiant altar of Vehumet.
  7851 | D:7      | Reached skill level 9 in Throwing
  8484 | D:7      | Gained mutation: Your muscles are strong. (Str +2) [mutagenic meat]
  8486 | D:7      | Gained mutation: You are dopey. (Int -2) [mutagenic meat]
  8597 | D:7      | Reached skill level 10 in Throwing
  8856 | D:8      | Noticed Prince Ribbit
  8911 | D:8      | Killed Prince Ribbit
  8911 | D:8      | Reached **** piety under Okawaru
  9200 | D:8      | Found Zin's Purification Station.
  9200 | D:8      | Found a glowing silver altar of Zin.
  9481 | D:8      | Noticed a fire drake
  9497 | D:8      | Killed a fire drake
  9497 | D:8      | Reached skill level 10 in Maces & Flails
  9689 | D:8      | Found a staircase to the Lair.
  9806 | D:8      | Reached XP level 10. HP: 86/86 MP: 9/9
  9994 | Lair:1   | Entered Level 1 of the Lair of Beasts
  9996 | Lair:1   | Received a gift from Okawaru
 10009 | Lair:1   | Noticed Erica
 10019 | Lair:1   | Killed Erica
 10170 | Lair:1   | Reached ***** piety under Okawaru
 10170 | Lair:1   | Received a gift from Okawaru
 10385 | Lair:1   | Noticed a six-headed hydra
 10391 | Lair:1   | Killed a six-headed hydra
 10391 | Lair:1   | Received a gift from Okawaru
 10507 | Lair:1   | Noticed Fannar
 10519 | Lair:1   | Killed Fannar
 10519 | Lair:1   | Received a gift from Okawaru
 10519 | Lair:1   | Received a gift from Okawaru
 10519 | Lair:1   | Reached skill level 10 in Dodging
 10519 | Lair:1   | Reached XP level 11. HP: 91/91 MP: 7/9
 10825 | Lair:1   | Reached skill level 11 in Maces & Flails
 10906 | Lair:1   | Received a gift from Okawaru
 11461 | Lair:1   | Reached skill level 12 in Maces & Flails
 11695 | Lair:1   | Received a gift from Okawaru
 12113 | Lair:2   | Got a crude trident
 12114 | Lair:2   | Identified the cursed +3 trident of the Silent Majority {drain, Int+7} (You found it on level 2 of the Lair of Beasts)
 12170 | Lair:2   | Noticed a six-headed hydra
 12175 | Lair:2   | Killed a six-headed hydra
 12258 | Lair:2   | Received a gift from Okawaru
 12374 | Lair:2   | Reached skill level 10 in Fighting
 12413 | Lair:2   | Received a gift from Okawaru
 12477 | Lair:2   | Noticed a five-headed hydra
 12495 | Lair:2   | Killed a five-headed hydra
 12495 | Lair:2   | Reached XP level 12. HP: 113/113 MP: 2/10
 12503 | Lair:2   | Received a gift from Okawaru
 13009 | Lair:3   | Noticed an eight-headed hydra
 13019 | Lair:3   | Killed an eight-headed hydra
 13070 | Lair:3   | Noticed a five-headed hydra
 13081 | Lair:3   | Killed a five-headed hydra
 13444 | Lair:3   | Found a staircase to the Snake Pit.
 13475 | Lair:3   | Reached skill level 13 in Maces & Flails
 13477 | Lair:3   | Received a gift from Okawaru
 13480 | Lair:3   | Got a heavy robe {god gift}
 13609 | Lair:3   | Identified the +1 robe "Coisedul" {Str+3} (Okawaru gifted it to you on level 3 of the Lair of Beasts)
 13919 | Lair:4   | Noticed a six-headed hydra
 13925 | Lair:4   | Killed a six-headed hydra
 14402 | Lair:4   | Reached skill level 14 in Maces & Flails
 14904 | Lair:5   | Reached XP level 13. HP: 96/126 MP: 11/11
 15401 | Lair:6   | Received a gift from Okawaru
 15408 | Lair:6   | Found a staircase to the Shoals.
 15465 | Lair:6   | Noticed Josephine
 15484 | Lair:6   | Killed Josephine
 15632 | Lair:6   | Noticed Snorg
 15642 | Lair:6   | Killed Snorg
 16515 | Lair:7   | Noticed Rupert
 16534 | Lair:7   | Reached skill level 15 in Fighting
 16544 | Lair:7   | Killed Rupert
 16555 | Lair:7   | Reached skill level 16 in Fighting
 16901 | Lair:7   | Received a gift from Okawaru
 17097 | Lair:7   | Noticed Kirke
 17105 | Lair:7   | Reached XP level 14. HP: 145/145 MP: 4/12
 17256 | Lair:7   | Killed Kirke
 17548 | Lair:8   | Entered Level 8 of the Lair of Beasts
 17628 | Lair:7   | HP: 2/145 [black mamba (16)]
 17631 | Lair:7   | Received a gift from Okawaru
 17635 | Lair:7   | Gained mutation: Your spells are harder to cast, but more powerful. [potion of beneficial mutation]
 18028 | Lair:8   | Received a gift from Okawaru
 18153 | Lair:8   | Received a gift from Okawaru
 18262 | Lair:8   | Found a viscous altar of Jiyva.
 18263 | Lair:8   | Found a staircase to the Slime Pits.
 18529 | Lair:8   | Received a gift from Okawaru
 18563 | Lair:8   | Reached skill level 15 in Throwing
 18632 | Lair:8   | Received a gift from Okawaru
 19460 | Lair:8   | Received a gift from Okawaru
 19504 | Lair:8   | Identified a +0 rod of inaccuracy (12/12) (You found it on level 8 of the Lair of Beasts)
 19704 | D:8      | Bought a potion of curing for 90 gold pieces
 19858 | D:4      | Bought a scroll of identify for 44 gold pieces
 19858 | D:4      | Bought a potion of curing for 66 gold pieces
 19858 | D:4      | Bought a square diamond amulet for 110 gold pieces
 20729 | Lair:8   | Found a runed door.
 21515 | Lair:8   | Received a gift from Okawaru
 21583 | Lair:8   | Reached XP level 15. HP: 117/153 MP: 13/13
 21768 | D:9      | Found an opulent altar of Gozag.
 21785 | D:9      | Identified a scroll of acquirement
 21799 | D:9      | Found a shimmering altar of Xom.
 21949 | D:9      | Found a shadowy altar of Dithmenos.
 21954 | D:9      | Noticed Erolcha
 21986 | D:9      | Killed Erolcha
 22029 | D:9      | Found a shattered altar of Ashenzari.
 22187 | D:9      | Found a basalt altar of Yredelemnul.
 22380 | D:10     | Entered Level 10 of the Dungeon
 22396 | D:10     | Received a gift from Okawaru
 22553 | D:10     | Noticed Enish's ghost (journeyman MfSk)
 22562 | D:10     | Killed Enish's ghost
 22918 | D:11     | Found an ancient bone altar of Kikubaaqudgha.
 22955 | D:11     | Found Quhe's Weapon Shop.
 23012 | D:11     | Received a gift from Okawaru
 23036 | D:11     | Lost mutation: Your muscles are strong. (Str +2) [mutagenic meat]
 23037 | D:11     | Gained mutation: Your magical capacity is very low (-20% MP). [mutagenic meat]
 23206 | D:11     | Found Wihuizan's Weapon Boutique.
 23301 | D:11     | Found Lomusch's Armour Boutique.
 23544 | D:11     | Found Quonuy's Distillery.
 23545 | D:11     | Noticed Nergalle
 23548 | D:11     | Killed Nergalle
 23548 | D:11     | Reached skill level 1 in Armour
 23557 | D:11     | Bought a potion of resistance for 130 gold pieces
 23557 | D:11     | Bought a potion of curing for 39 gold pieces
 23557 | D:11     | Bought a potion of berserk rage for 65 gold pieces
 23557 | D:11     | Bought a potion of agility for 52 gold pieces
 23557 | D:11     | Bought a potion of curing for 39 gold pieces
 23598 | D:11     | Found Ablur's Distillery.
 23603 | D:11     | Bought a potion of haste for 140 gold pieces
 23603 | D:11     | Bought a potion of might for 56 gold pieces
 23603 | D:11     | Bought a potion of resistance for 140 gold pieces
 23603 | D:11     | Bought a potion of curing for 42 gold pieces
 23603 | D:11     | Bought 2 potions of heal wounds for 140 gold pieces
 24024 | D:12     | Found a staircase to the Orcish Mines.
 25147 | D:13     | Paralysed by a chaos spawn for 3 turns
 25295 | D:13     | Found Reigairo's Antique Armour Shoppe.
 25359 | D:13     | Found a gate to the Vaults.
 25764 | D:14     | Found Mumavoc's Assorted Antiques.
 25770 | D:14     | Bought a scroll of identify for 64 gold pieces
 25770 | D:14     | Bought a scroll of teleportation for 96 gold pieces
 25770 | D:14     | Bought a scroll of identify for 64 gold pieces
 25876 | D:14     | Found Ikhlef's Antique Weapon Shoppe.
 25981 | D:14     | Reached skill level 5 in Armour
 26180 | D:14     | Found a glowing golden altar of the Shining One.
 26232 | D:14     | Found Mirukigg's Antique Weapon Shoppe.
 26371 | D:15     | Entered Level 15 of the Dungeon
 26371 | D:15     | Noticed Yendor's ghost (journeyman CeHu)
 26385 | D:15     | Killed Yendor's ghost
 26440 | D:15     | Found a frozen archway.
 26443 | IceCv    | Entered an ice cave
 26722 | IceCv    | Gained mutation: Your muscles are strong. (Str +2) [potion of beneficial mutation]
 26910 | IceCv    | Received a gift from Okawaru
 27188 | IceCv    | Noticed a frost giant
 27220 | IceCv    | Killed a frost giant
 27268 | IceCv    | Received a gift from Okawaru
 27301 | IceCv    | Got a jewelled great mace
 27302 | IceCv    | Identified the +7 great mace "Demonbane" {flame, +Blink rElec Int+2 Dex+4} (You found it in an ice cave)
 27610 | D:15     | Reached XP level 16. HP: 136/161 MP: 12/12
 28259 | D:15     | Noticed twist's ghost (journeyman FoFi)
 28264 | D:15     | Reached skill level 1 in Invocations
 28268 | D:15     | Killed twist's ghost
 28314 | D:15     | HP: 1/161 [white ugly thing (20)]
 28334 | D:15     | HP: 8/241 [red ugly thing (23)]
 28383 | D:15     | Gained mutation: You are partially covered in thin metallic scales (AC +2). [mutagenic meat]
 28386 | D:15     | Lost mutation: You are dopey. (Int -2) [mutagenic meat]
 28387 | D:15     | Lost mutation: Your spells are harder to cast, but more powerful. [mutagenic meat]
 28388 | D:15     | Gained mutation: You expend magic power (3 MP) to strengthen your wands. [mutagenic meat]
 28391 | D:15     | Gained mutation: Your flesh is cold resistant. [mutagenic meat]
 28392 | D:15     | Lost mutation: Your magical capacity is very low (-20% MP). [mutagenic meat]
 28782 | D:15     | Reached skill level 5 in Invocations
 29209 | D:15     | Found a staircase to the Depths.
 29287 | D:15     | Received a gift from Okawaru
 29307 | D:15     | Lost mutation: Your movements are slightly less encumbered by armour (ER -2). [mutagenic meat]
 29308 | D:15     | Gained mutation: You are somewhat resistant to further mutation. [mutagenic meat]
 29312 | D:15     | Gained mutation: Your mind is acute. (Int +2) [mutagenic meat]
 29591 | Snake:1  | Entered Level 1 of the Snake Pit
 29609 | Snake:1  | Found a white marble altar of Elyvilon.
 31029 | Lair:2   | Received a gift from Okawaru
 31382 | Snake:2  | Received a gift from Okawaru
 31395 | Snake:2  | Received a gift from Okawaru
 31442 | Snake:2  | Reached skill level 10 in Armour
 32741 | Snake:2  | Noticed Nikola
 32748 | Snake:2  | Killed Nikola
 32748 | Snake:2  | Reached XP level 17. HP: 142/168 MP: 20/20
 32916 | Snake:3  | Reached ****** piety under Okawaru
 33344 | Snake:3  | Reached skill level 15 in Maces & Flails
 33513 | Snake:3  | Received a gift from Okawaru
 34708 | Snake:4  | Entered Level 4 of the Snake Pit
 34708 | Snake:4  | Found Acaenoc's Distillery.
 35180 | Snake:4  | Bought a potion of agility for 76 gold pieces
 35180 | Snake:4  | Bought a potion of curing for 57 gold pieces
 35180 | Snake:4  | Bought a potion of agility for 76 gold pieces
 35180 | Snake:4  | Bought a potion of curing for 57 gold pieces
 35180 | Snake:4  | Bought a potion of curing for 57 gold pieces
 35291 | Snake:4  | Lost mutation: Your spells are a little harder to cast, but a little more powerful. [mutagenic meat]
 35292 | Snake:4  | Lost mutation: You are clumsy. (Dex -2) [mutagenic meat]
 35293 | Snake:4  | Gained mutation: Your natural rate of healing is unusually fast. [mutagenic meat]
 35294 | Snake:4  | Lost mutation: Your muscles are strong. (Str +2) [mutagenic meat]
 35611 | Snake:4  | Received a gift from Okawaru
 36288 | Snake:4  | Reached XP level 18. HP: 142/176 MP: 15/20
 36592 | Snake:4  | Received a gift from Okawaru
 37139 | Snake:4  | Received a gift from Okawaru
 37231 | Snake:4  | Gained mutation: Your mind is very acute. (Int +4) [mutagenic meat]
 37405 | Snake:4  | Got a serpentine rune of Zot
 37680 | Shoals:1 | Entered Level 1 of the Shoals
 38627 | Shoals:1 | Received a gift from Okawaru
 38749 | Shoals:1 | Received a gift from Okawaru
 40810 | Shoals:3 | Noticed Mara
 40878 | Shoals:3 | Noticed Polyphemus
 40883 | Shoals:3 | Killed Mara
 40883 | Shoals:3 | Reached XP level 19. HP: 183/183 MP: 18/21
 40947 | Shoals:2 | Received a gift from Okawaru
 40966 | Shoals:3 | Found Xigeori's Food Emporium.
 41004 | Shoals:3 | Found Bajuc's Magic Scroll Boutique.
 41013 | Shoals:3 | Bought a scroll of magic mapping for 45 gold pieces
 41013 | Shoals:3 | Bought a scroll of teleportation for 39 gold pieces
 41013 | Shoals:3 | Bought 3 scrolls of identify for 78 gold pieces
 41013 | Shoals:3 | Bought a scroll of blinking for 97 gold pieces
 41013 | Shoals:3 | Bought a scroll of acquirement for 676 gold pieces
 41015 | Shoals:3 | Found Siugep's General Store.
 41039 | Shoals:3 | Reached skill level 17 in Maces & Flails
 41163 | Shoals:3 | Killed Polyphemus
 41890 | Shoals:3 | Reached skill level 18 in Maces & Flails
 41996 | Shoals:4 | Entered Level 4 of the Shoals
 43150 | Shoals:4 | Received a gift from Okawaru
 43281 | Shoals:4 | Got a pitted flail
 43282 | Shoals:4 | Identified the +8 flail of Bosoduma {speed, rN+ Int+5} (You found it on level 4 of the Shoals)
 43478 | Shoals:4 | Received a gift from Okawaru
 44019 | Shoals:4 | Received a gift from Okawaru
 44031 | Shoals:4 | Got a barnacled rune of Zot
 44862 | Orc:1    | Entered Level 1 of the Orcish Mines
 45062 | Orc:1    | Found a roughly hewn altar of Beogh.
 45105 | Orc:2    | Entered Level 2 of the Orcish Mines
 45175 | Orc:2    | Found a staircase to the Elven Halls.
 45423 | Orc:1    | Reached skill level 15 in Dodging
 45559 | Orc:2    | Found a roughly hewn altar of Beogh.
 45600 | Orc:2    | Found Topiu's Antique Armour Boutique.
 45821 | Orc:1    | Cast into level 1 of the Abyss (orc warrior)
 45898 | Abyss:1  | Noticed a profane servitor
 45918 | Abyss:1  | Killed a profane servitor
 46050 | Orc:1    | Escaped the Abyss
 46055 | Orc:1    | Reached XP level 20. HP: 198/198 MP: 19/22
 46319 | Orc:1    | Found Bekempag's Assorted Antiques.
 46327 | Orc:1    | Bought an encrusted glass wand for 92 gold pieces
 46637 | Orc:2    | Found Iribair's Antique Weapon Boutique.
 46652 | Orc:2    | Found Igothreo's General Store.
 46691 | Orc:2    | Found Vilitef's Book Boutique.
 47164 | Depths:1 | Entered Level 1 of the Depths
 47172 | Depths:1 | Gained mutation: Your flesh is very cold resistant. [potion of mutation]
 47287 | Depths:1 | Received a gift from Okawaru
 47448 | Depths:1 | Received a gift from Okawaru
 47466 | Depths:1 | Got a bloodstained robe {god gift}
 47467 | Depths:1 | Identified the +1 robe "Popp" {-Cast +Fly Int+4} (Okawaru gifted it to you on level 1 of the Depths)
 47816 | Depths:1 | Reached skill level 15 in Armour
 48185 | Depths:1 | Found a gateway to Hell.
 49211 | Depths:2 | Noticed Aizul
 49233 | Depths:2 | Killed Aizul
 49388 | Depths:2 | Received a gift from Okawaru
 49389 | Depths:2 | Got a distressingly furry cloak {god gift}
 49399 | Depths:2 | Identified the -1 cloak "Izebim" {rC+ Dex+2} (Okawaru gifted it to you on level 2 of the Depths)
 49653 | Depths:2 | Noticed a golden dragon
 50204 | Depths:2 | Reached XP level 21. HP: 129/207 MP: 23/23
 50252 | Depths:2 | Killed a golden dragon
 50733 | Depths:2 | Identified the Papyrus of the Unstable Rocks
 50739 | Depths:2 | Got a bone falchion
 50740 | Depths:2 | Identified the cursed +1 falchion of Crusades {flame, rElec rF+++ rC++ Int-2} (You found it on level 2 of the Depths)
 51104 | Depths:2 | Found a gateway to a ziggurat.
 51149 | Depths:2 | Received a gift from Okawaru
 51865 | Depths:3 | Noticed a caustic shrike
 51865 | Depths:3 | Noticed an iron giant
 52318 | Depths:3 | Killed an iron giant
 52403 | Depths:3 | Killed a caustic shrike
 52887 | Depths:3 | Received a gift from Okawaru
 53003 | Depths:3 | Reached skill level 19 in Maces & Flails
 53044 | Depths:3 | Found a one-way gate leading to the halls of Pandemonium.
 53378 | Depths:3 | Received a gift from Okawaru
 53462 | Depths:3 | Received a gift from Okawaru
 53798 | Depths:4 | Found a flickering gateway to a bazaar.
 53802 | Depths:4 | Reached skill level 20 in Maces & Flails
 53819 | Bazaar   | Entered a bazaar
 53823 | Bazaar   | Found Nodghimy's Jewellery Boutique.
 53843 | Bazaar   | Found Jaetih's Antique Weapon Emporium.
 53860 | Bazaar   | Found Justefo's Assorted Antiques.
 53865 | Bazaar   | Bought a scroll of magic mapping for 112 gold pieces
 53865 | Bazaar   | Bought a runed bronze ring for 160 gold pieces
 53884 | Bazaar   | Found Riygraf's Antique Armour Shoppe.
 53928 | Depths:4 | Found a magical portal.
 53933 | WizLab   | Entered The Hall of Tosuo the Hellbinder
 53982 | WizLab   | Reached XP level 22. HP: 213/215 MP: 24/24
 54571 | WizLab   | Found a burning altar of Makhleb.
 54598 | WizLab   | Identified Sif Muna's Collected Works on the Displaced Entourage
 54630 | WizLab   | Identified Sif Muna's Compendium of Quantum Evil Rites
 54639 | WizLab   | Identified the Tome of Creation (You found it in a wizard's laboratory)
 54749 | Depths:4 | Reached skill level 21 in Maces & Flails
 55091 | Depths:4 | Received a gift from Okawaru
 55708 | Depths:4 | Found a one-way gate to the infinite horrors of the Abyss.
 55710 | Depths:4 | Noticed Louise
 55734 | Depths:4 | Killed Louise
 55940 | Depths:5 | Entered Level 5 of the Depths
 56161 | Depths:5 | Received a gift from Okawaru
 56266 | Depths:5 | Reached XP level 23. HP: 234/234 MP: 20/25
 56294 | Depths:5 | Found a gate to the Realm of Zot.
 57221 | Shoals:3 | Bought a scroll of summoning for 123 gold pieces
 57221 | Shoals:3 | Bought a scroll of holy word for 97 gold pieces
 57221 | Shoals:3 | Bought a scroll of holy word for 97 gold pieces
 57507 | Vaults:1 | Entered Level 1 of the Vaults
 58456 | Vaults:1 | Received a gift from Okawaru
 58757 | Vaults:2 | Noticed Jorgrun
 58784 | Vaults:2 | Killed Jorgrun
 59674 | Vaults:2 | Received a gift from Okawaru
 59690 | Vaults:2 | Got a slimy steam dragon armour {god gift}
 59691 | Vaults:2 | Identified the +1 steam dragon armour "Etikh" {Int+4} (Okawaru gifted it to you on level 2 of the Vaults)
 59905 | Vaults:3 | Found a staircase to the Crypt.
 59965 | Vaults:3 | Found a stormy altar of Qazlal.
 60395 | Vaults:3 | Reached XP level 24. HP: 199/243 MP: 20/25
 60500 | Vaults:3 | Received a gift from Okawaru
 61565 | Vaults:4 | Found a flickering gateway to a bazaar.
 61570 | Bazaar   | Entered a bazaar
 61582 | Bazaar   | Found Pacyur's Magic Scroll Shop.
 61602 | Bazaar   | Found Bel Jost's Antique Weapon Shoppe.
 61611 | Bazaar   | Found Bituqi's Jewellery Shop.
 61638 | Bazaar   | Found Demuing's Food Shop.
 61660 | Bazaar   | Found Ufaest's Jewellery Emporium.
 62201 | Vaults:4 | Noticed Wiglaf
 62208 | Vaults:4 | Killed Wiglaf
 62601 | Vaults:4 | Cast into level 2 of the Abyss (an ogre mage)
 62601 | Abyss:2  | Found a corrupted altar of Lugonu.
 63002 | Abyss:2  | Gained mutation: Your magical capacity is very low (-20% MP). [a neqoxec]
 63079 | Abyss:2  | Gained mutation: Armour fits poorly on your strangely shaped body. [a neqoxec]
 63698 | Abyss:2  | Received a gift from Okawaru
 64159 | Abyss:2  | Received a gift from Okawaru
 64168 | Abyss:2  | Reached XP level 25. HP: 206/250 MP: 19/19
 64849 | Vaults:4 | Escaped the Abyss
 65039 | Vaults:5 | Entered Level 5 of the Vaults
 65172 | Vaults:5 | Received a gift from Okawaru
 65431 | Vaults:5 | Received a gift from Okawaru
 65529 | Vaults:5 | Received a gift from Okawaru
 65611 | Vaults:5 | Reached XP level 26. HP: 259/259 MP: 22/22
 65651 | Vaults:5 | Received a gift from Okawaru
 65950 | Vaults:5 | Got a faintly glowing giant spiked club {god gift}
 65951 | Vaults:5 | Identified the +6 giant spiked club of Expedience {drain, *Drain rN+ Dex+7} (Okawaru gifted it to you on level 5 of the Vaults)
 65996 | Vaults:5 | Got a bound bronze ring
 66146 | Vaults:5 | Noticed Boris
 66182 | Vaults:5 | Killed Boris
 66205 | Vaults:5 | Received a gift from Okawaru
 66276 | Vaults:5 | Identified the Guide on Evil
 66304 | Vaults:5 | Received a gift from Okawaru
 66391 | Vaults:5 | Got a bound platinum ring
 66393 | Vaults:5 | Identified the ring of Busesaf {rF++ rN+} (You found it on level 5 of the Vaults)
 66395 | Vaults:5 | Identified the ring "Pumit" {Ice rN++ MP+9 Str-4 SInv} (You took it off a tengu reaver on level 5 of the Vaults)
 66410 | Vaults:5 | Got a flickering golden ring
 66411 | Vaults:5 | Identified the ring "Echunu" {rPois Str+4} (You found it on level 5 of the Vaults)
 66573 | Vaults:5 | Got a silver rune of Zot
 66693 | Vaults:5 | Received a gift from Okawaru
 67369 | Elf:1    | Entered Level 1 of the Elven Halls
 67971 | Elf:1    | Found a deep blue altar of Sif Muna.
 68282 | Elf:1    | Received a gift from Okawaru
 68416 | Elf:1    | Reached XP level 27. HP: 266/266 MP: 22/22
 68488 | Elf:2    | Found Baifam's Distillery.
 68496 | Elf:2    | Bought a potion of agility for 40 gold pieces
 68496 | Elf:2    | Bought a potion of haste for 100 gold pieces
 68496 | Elf:2    | Bought a potion of heal wounds for 50 gold pieces
 68496 | Elf:2    | Bought a potion of curing for 30 gold pieces
 68666 | Elf:2    | Reached skill level 22 in Maces & Flails
 68800 | Elf:2    | Received a gift from Okawaru
 68818 | Elf:2    | Found a runed gate.
 68818 | Elf:2    | Found a runed gate.
 68818 | Elf:2    | Found a runed gate.
 69019 | Elf:2    | Noticed Donald
 69029 | Elf:2    | Killed Donald
 69486 | Elf:3    | Entered Level 3 of the Elven Halls
 69934 | Elf:3    | Reached skill level 23 in Fighting
 70442 | Elf:3    | Received a gift from Okawaru
 70462 | Elf:3    | Got a wavering sapphire amulet
 70516 | Elf:3    | Identified the amulet of Xifoec {Faith rN+ Slay+3} (You took it off a deep elf sorcerer on level 3 of the Elven Halls)
 70883 | D:14     | Fell from the grace of Okawaru
 70883 | D:14     | Became a worshipper of the Shining One
 71006 | D:14     | Bought a giant spiked club for 64 gold pieces
 71155 | Vaults:2 | Reached skill level 24 in Fighting
 71209 | Crypt:1  | Entered Level 1 of the Crypt
 71335 | Crypt:1  | Reached * piety under the Shining One
 71531 | Crypt:1  | Reached ** piety under the Shining One
 71810 | Crypt:1  | Reached *** piety under the Shining One
 72397 | Crypt:2  | Reached **** piety under the Shining One
 72712 | Crypt:2  | Reached ***** piety under the Shining One
 72786 | Crypt:2  | Reached skill level 10 in Invocations
 72889 | Crypt:3  | Entered Level 3 of the Crypt
 72995 | Crypt:3  | Found an ancient bone altar of Kikubaaqudgha.
 72997 | Crypt:3  | Reached ****** piety under the Shining One
 73410 | D:14     | Identified a +9 giant spiked club of holy wrath (a +9 vampiric giant spiked club blessed by the Shining One)
 73410 | D:14     | Received a gift from the Shining One
 74067 | Crypt:3  | Found a staircase to the Tomb.
 74068 | Crypt:3  | Noticed Jory
 74078 | Crypt:3  | Killed Jory
 74236 | Crypt:3  | Got a transparent iron ring
 74238 | Crypt:3  | Got a steaming tin ring
 74240 | Crypt:3  | Identified the ring of Rineuwof {Wiz MR++ Dex+3} (You found it on level 3 of the Crypt)
 74246 | Crypt:3  | Identified the ring "Ehemn" {EV+6 Int+3 Dex+4 Stlth+} (You found it on level 3 of the Crypt)
 74724 | Crypt:3  | Identified the Disquisition on Quantum Confrontation
 74800 | Crypt:3  | Identified the Grimoire of Aid and Ice
 75376 | Depths:4 | Voluntarily entered the Abyss.
 75462 | Abyss:1  | Reached skill level 15 in Invocations
 75767 | Abyss:2  | Found a corrupted altar of Lugonu.
 77157 | Abyss:3  | Gained mutation: You are partially covered in rugged brown scales (AC +1, +3% HP). [potion of beneficial mutation]
 77248 | Abyss:3  | Found a corrupted altar of Lugonu.
 77417 | Abyss:4  | Paralysed by accursed screaming for 1 turns
 77941 | Abyss:4  | Got an abyssal rune of Zot
 78094 | Abyss:5  | Entered Level 5 of the Abyss
 78126 | Abyss:5  | Was forgiven by Okawaru
 78342 | Depths:4 | Escaped the Abyss
 78785 | Slime:1  | Entered Level 1 of the Pits of Slime
 80439 | Slime:6  | Entered Level 6 of the Pits of Slime
 80759 | Slime:6  | Noticed the Royal Jelly
 80770 | Slime:6  | Found a viscous altar of Jiyva.
 80774 | Slime:6  | Killed the Royal Jelly
 80783 | Slime:6  | HP: 11/287 [acid blob[the Royal Jelly] (30)]
 80785 | Slime:6  | Mangled by an acid blob

Vault maps used:
D:1:      lemuel_arrival_muddy
D:2:      cheibriados_altar_1, kennysheep_potato
D:4:      old_standard_altar, kennysheep_mini_moat, okawaru_altar_gauntlet_db,
          serial_shops, nicolae_shop_trees
D:5:      lemuel_round_altar, grunt_pakellas_mercury, minmay_temple_entry_fiery,
          first_bread
D:6:      serial_shops, nicolae_shop_stone
D:7:      vehumet_altar_wand_db
D:8:      zin_purify, minmay_lair_entry_lava, uniq_prince_ribbit1
D:9:      xom_confusion_cloud, lemuel_doored_altar,
          nicolae_overflow_hidden_temple, grunt_dithmenos_smoke_and_mirrors,
          basic_altar, uniq_erolcha
D:11:     wad_woods_stonehenge, serial_shops, shop_statue, shop, shop, shop,
          kennysheep_little_box, serial_column_ruins, column_ruins_square_small,
          column_ruins_grid_1, column_ruins_corridor_straight,
          column_ruins_open_tiny, david_nohive_1, uniq_nergalle
D:12:     orc_david_3
D:13:     erik_vaults_1, serial_shops, nicolae_shop_crystal, minivault_4,
          bh_walls_and_bars
D:14:     nicolae_tso_swordbearing_angel, serial_shops, kennysheep_mini,
          shop_statue, shop, grunt_ministairs_14
D:15:     hangedman_depths_entry_try_elsewhere_first,
          portal_ice_cave_entry_ice_beasts, minivault_14
Temple:   jpeg_temple_alley_garden_8
Lair:1:   grunt_forest_large_clearings, lemuel_fruit_tree, uniq_fannar,
          uniq_erica
Lair:2:   grunt_megastairs_2
Lair:3:   dummy_snake_entry
Lair:5:   st_stairs_10, grunt_megastairs_3
Lair:6:   minmay_shoals_entry_beasts, infiniplex_staircase_pool_2,
          serial_bayou_shore_b, uniq_josephine, uniq_snorg
Lair:7:   minivault_19, roderic_lost_polar_bear, uniq_rupert, uniq_kirke
Lair:8:   wormcave, dpeg_slime_entry_enclosed_altar, minmay_lair_oklob_bushes,
          grunt_megastairs_5, infiniplex_staircase_pool
Shoals:1: st_sunken_temple
Shoals:3: serial_shops, shop, nicolae_shop_stone, nicolae_shop_statue_plus,
          nicolae_shoals_so_close, uniq_mara, uniq_polyphemus
Shoals:4: shoals_end_grunt_ice, shoals_ilsuiw_alternative,
          nicolae_shoals_cliffside_cave
Snake:1:  basic_altar, grunt_ministairs_15
Snake:2:  uniq_nikola
Snake:3:  onia_ninara_swampy_vault
Snake:4:  snake_pit_salamanders_mu, serial_shops, shop
Slime:2:  basic_altar
Slime:4:  cheibrodos_slime_lost_civilization_7
Orc:1:    serial_shops, nicolae_shop_overgrown_old_shop, minmay_orc_temple_a
Orc:2:    grunt_orc_cross, mines_bat_river
Elf:1:    basic_altar, evilmike_minifort, serial_sigils_hangedman_leer
Elf:2:    serial_shops, shop_fountains, minmay_misc_feat_alley, uniq_donald
Elf:3:    minmay_elf_hall_dome, grunt_ministairs_3
Vaults:1: nicolae_vaults_ring_of_whatevers, v_rooms_4, vaults_dpeg_ring,
          hangedman_vaults_corner, nicolae_vaults_diagonal_hallway_7,
          ontoclasm_vaults_chip, hangedman_vaults_trim, grunt_vaults_funnel
Vaults:2: serial_ice_m, vaults_room_large_hall, v_pattern_2,
          vaults_mumra_chevron_long, vaults_room_pools, vaults_room_fours,
          v_misc_12, nicolae_vaults_twisting_passages, uniq_jorgrun
Vaults:3: v_misc_3, ontoclasm_vaults_ligature,
          nicolae_vaults_windows_and_doors_thing, vaults_dpeg_doors, v_rooms_2,
          grunt_vaults_twisty, nicolae_vaults_quartermaster, v_pattern_3,
          serial_ice_g, nicolae_vaults_theta, vaults_dpeg_hooks,
          nicolae_vaults_sealed_display, dummy_crypt_entry, basic_altar
Vaults:4: hangedman_vaults_restitches, v_rooms_3, dpeg_vaults_monster_box,
          ontoclasm_vaults_gateway, hangedman_vaults_stitches,
          hangedman_vaults_restitches, ontoclasm_vaults_misaligned, v_misc_10,
          ontoclasm_vaults_idyll, serial_shops, bzr_entry_road, uniq_wiglaf
Vaults:5: serial_shops, uniq_boris
Crypt:1:  grunt_crypt_arrival_webbed
Crypt:2:  nicolae_crypt_cryptocurrency, grunt_ministairs_14
Crypt:3:  grunt_crypt_end_deaths_head
Depths:1: pf_vacation_house_of_asmodeus, minmay_misc_feat_chi,
          hangedman_abyss_or_decor_stabs, minislime_mu
Depths:2: grunt_x_marks_the_spot, enter_ziggurat_c, hell_entry,
          minmay_staircase_windowed_small, uniq_aizul
Depths:3: minmay_diamond_stairs, nrook_mini_vaults, hell_entry,
          grunt_pan_entry_spiral, infiniplex_staircase_x
Depths:4: cheibrodos_birdhouse, hangedman_abyss_or_decor_clamps,
          mu_enter_wizlab_1, hell_entry, nicolae_abyss_entry_one_way_or_another,
          serial_shops, bzr_entry_dummy, infiniplex_staircase_spiral_double
Depths:5: grunt_zot_entry_alcove, grunt_decor_cap, hell_entry, pan_entry
Abyss:2:  hangedman_abyss_shoalhut
Abyss:3:  hangedman_decor_lopped, abyss_rune_water_cross
Abyss:4:  hangedman_abyss_stitches_cave, abyss_furniture_001,
          evilmike_abyss_exit_12
Bazaar:   bazaar_jpeg_circle_common, bazaar_jpeg_ninerooms_1
IceCv:    ice_cave_small_giant
WizLab:   wizlab_demon

Action                   |  1- 3 |  4- 6 |  7- 9 | 10-12 | 13-15 | 16-18 | 19-21 | 22-24 | 25-27 || total
-------------------------+-------+-------+-------+-------+-------+-------+-------+-------+-------++-------
Melee: Short sword       |    18 |       |       |       |       |       |       |       |       ||    18
       Club              |   109 |       |       |       |       |       |       |       |       ||   109
       Whip              |    82 |   102 |       |       |       |       |       |       |       ||   184
       Mace              |       |    32 |   289 |   209 |    48 |       |       |       |       ||   578
       Giant spiked club |       |       |       |       |   902 |   990 |  1579 |  1890 |  2917 ||  8278
       Unarmed           |       |       |       |       |       |       |       |       |    28 ||    28
Throw: Javelin           |    10 |    25 |    61 |    63 |    31 |    88 |    45 |    21 |       ||   344
       Large rock        |     6 |    15 |    55 |   157 |   162 |   190 |   156 |    97 |    68 ||   906
       Throwing net      |       |     2 |     2 |       |       |       |       |       |       ||     4
       Tomahawk          |       |       |     7 |    54 |   182 |   267 |       |     9 |     8 ||   527
Invok: Heroism           |       |       |     1 |    22 |    36 |    24 |    32 |    21 |    15 ||   151
       Finesse           |       |       |       |     4 |     9 |     4 |     7 |       |     3 ||    27
       Divine Shield     |       |       |       |       |       |       |       |       |    14 ||    14
       Cleansing Flame   |       |       |       |       |       |       |       |       |    12 ||    12
       Brand Weapon With |       |       |       |       |       |       |       |       |     1 ||     1
Evoke: Wand              |       |       |       |       |     1 |       |     5 |     8 |     7 ||    21
  Use: Potion            |     3 |       |     2 |     1 |     7 |    13 |    12 |     1 |    16 ||    55
       Scroll            |       |       |     9 |    12 |    22 |    14 |    17 |    12 |    35 ||   121
 Stab: Sleeping          |     1 |       |       |     3 |     2 |       |       |       |       ||     6
       Invisible         |     1 |       |       |       |       |       |       |       |       ||     1
       Distracted        |       |       |       |       |     1 |       |     1 |       |       ||     2
       Confused          |       |       |       |       |     1 |       |       |       |       ||     1
       Paralysed         |       |       |       |       |       |       |       |     1 |       ||     1
  Eat: Chunk             |     6 |     6 |    28 |    16 |    43 |    57 |    39 |    32 |    20 ||   247
       Beef jerky        |       |       |       |     1 |     3 |     3 |       |       |     6 ||    13
       Pizza             |       |       |       |       |     1 |       |       |       |       ||     1
       Fruit             |       |       |       |       |       |    22 |    14 |     7 |    13 ||    56
       Bread ration      |       |       |       |       |       |       |       |       |     7 ||     7
